 Dungeon Crawl Stone Soup version 0.29-a0-542-g075992c915 (webtiles) character file.

Game seed: 2482363460671480338

5698 HessuHobo the Cleaver (level 10, -8/142 HPs)
             Began as a Minotaur Berserker on June 3, 2022.
             Was an Elder of Trog.
             Killed from afar by an acid dragon (21 damage)
             ... with a splash of acid
             ... on level 9 of the Dungeon.
             The game lasted 00:18:43 (11791 turns).

HessuHobo the Cleaver (Minotaur Berserker)         Turns: 11791, Time: 00:18:43

Health: -8/142     AC: 13    Str: 27    XL:     10   Next: 47%
Magic:  0/9        EV:  8    Int:  4    God:    Trog [****..]
Gold:   617        SH:  0    Dex: 15    Spells: 9/9 levels left

rFire   . . .      SeeInvis +   F - +1 battleaxe
rCold   . . .      Faith    .   (shield currently unavailable)
rNeg    . . .      Spirit   +   I - +0 plate armour
rPois   .          Reflect  .   (helmet restricted)
rElec   .          Harm     .   i - +0 cloak
rCorr   .          Rampage  .   (no gloves)
Will    ++...                   y - +0 pair of boots
Stlth   ..........              J - amulet of guardian spirit
HPRegen 1.33/turn               s - +6 ring of dexterity
MPRegen 0.11/turn               B - ring of see invisible

@: berserking, lethally poisoned (-8 -> -12), strong-willed, corroded,
regenerating, slowed
A: horns 2, retaliatory headbutt
a: Renounce Religion, Berserk, Trog's Hand, Brothers in Arms


You were on level 9 of the Dungeon.
You worshipped Trog.
Trog was greatly pleased with you.
You visited 1 branch of the dungeon, and saw 9 of its levels.

You collected 617 gold pieces.

Inventory:

Hand Weapons
 a - a +0 hand axe
 p - a +0 hand axe of venom
 D - a +2 dire flail
 F - a +1 battleaxe (weapon)
 L - a +2 hand axe of flaming
Missiles
 O - 2 throwing nets (quivered)
Armour
 h - a +1 ring mail of willpower
 i - a +0 cloak (worn)
 y - a +0 pair of boots (worn)
 I - a +0 plate armour (worn)
Jewellery
 r - a ring of magical power
 s - a +6 ring of dexterity (left hand)
 B - a ring of see invisible (right hand)
 J - an amulet of guardian spirit (around neck)
Wands
 l - a wand of paralysis (6)
 u - a wand of digging (6)
 E - a wand of mindburst (18)
 H - a wand of polymorph (8)
Scrolls
 b - a scroll of magic mapping
 d - 6 scrolls of identify
 f - 4 scrolls of immolation
 g - 3 scrolls of enchant armour
 j - 2 scrolls of torment {unknown}
 n - a scroll of teleportation {unknown}
 w - 2 scrolls of fog {unknown}
 x - a scroll of summoning {unknown}
 A - 3 scrolls of noise {unknown}
 C - 3 scrolls of enchant weapon {unknown}
 K - 2 scrolls of amnesia {unknown}
 M - a scroll of poison {unknown}
Potions
 c - 7 potions of curing
 e - a potion of flight {unknown}
 k - 3 potions of mutation
 m - 4 potions of brilliance
 o - 5 potions of heal wounds
 q - a potion of ambrosia {unknown}
 t - 4 potions of might {unknown}
 v - 2 potions of attraction
 z - a potion of haste {unknown}
 G - a potion of cancellation {unknown}
 N - a potion of resistance {unknown}


   Skills:
 + Level 11.0 Fighting
 + Level 11.1 Axes
 + Level 10.7 Armour
 - Level 2.1 Dodging
 - Level 3.0 Stealth
 - Level 2.3 Evocations


You had 9 spell levels left.
You didn't know any spells.
Your spell library was empty.

Dungeon Overview and Level Annotations

Branches:
Dungeon (9/15)             Temple (0/1) D:5
   Lair: D:8-11         Orc: D:9-12

Altars:

Shops:
D:3 !   D:7 [   D:8 =

Annotations:
D:4 3 runed translucent doors, MagicSucks's ghost, amateur NaDe; Serus's ghost, amateur HOFi; blade888's ghost, amateur OpIE; supermoro's ghost, amateur GrFi
D:5 1 runed translucent door, Zero's ghost, amateur DESu


Innate Abilities, Weirdness & Mutations

You have a pair of horns on your head.
You reflexively headbutt those who attack you in melee.


Message History

The hornet stings you but does no damage.
You slash the acid dragon!
The acid dragon is severely wounded.
You slash the hornet!
You feel sick. The hornet stings you!
You are more poisoned.
You feel as though you will be slow longer.
The acid dragon bites you. The acid dragon barely misses you.
The hornet stings you.
You suddenly lose the ability to move!
You feel very sick. The hornet stings you.
* * * LOW HITPOINT WARNING * * *
You feel as though you will be slow longer.
The acid dragon bites you.
* * * LOW HITPOINT WARNING * * *
The acid dragon claws you but does no damage.
The hornet stings you but does no damage.
You can move again.
Your skin crawls.
You feel strong-willed.
You feel very sick. The hornet stings you.
* * * LOW HITPOINT WARNING * * *
You are more poisoned.
You feel as though you will be slow longer.
The acid dragon bites you.
* * * LOW HITPOINT WARNING * * *
The acid dragon barely misses you.
The hornet stings you but does no damage.
The acid dragon barely misses you. The acid dragon claws you.
* * * LOW HITPOINT WARNING * * *
A red film seems to cover your vision as you go berserk!
You feel yourself moving faster!
You feel mighty! Trog will no longer gift you weapons.
You feel extremely sick. The hornet stings you.
* * * LOW HITPOINT WARNING * * *
You feel as though you will be slow longer.
The acid dragon spits acid at you. The splash of acid hits you!!
You die...

#...# #...# #...# ###
#...#########.#####
#...............)..
#..................
#......>...........
#..................
#.@................
#yD....#+########..
##......#........###
........#.....<..
........#........
.........#........
..........#........
...........#'##########
....................


You could see a hornet and an acid dragon (catching breath).

Vanquished Creatures
  A slime creature (D:7)
  Pikel (D:8)
  An ugly thing (D:9)
  Sigmund (D:2)
  A water moccasin (D:8)
  Duvessa (D:4)
  3 ice beasts
  4 orc warriors
  2 sky beasts
  7 ogres
  2 centaurs (D:9)
  2 lemures
  2 phantoms
  3 bullfrogs
  4 kobold brigands
  A gnoll sergeant (D:9)
  A scorpion (D:5)
  9 wights
  Dowan (D:4)
  3 killer bees (D:8)
  3 howler monkeys
  5 hounds
  2 gnoll shamans (D:9)
  4 orc priests
  Crazy Yiuf (D:2)
  An iguana (D:5)
  6 orc wizards
  15 gnolls
  7 adders
  A white imp (D:6)
  An ufetubus (D:3)
  2 worms
  31 orcs
  5 bats
  9 endoplasms
  5 giant cockroaches
  9 goblins
  5 hobgoblins
  6 jackals
  23 kobolds
  2 quokkas
  10 ball pythons
  4 frilled lizards
  8 rats
215 creatures vanquished.

Vanquished Creatures (collateral kills)
  An orc (D:8)
  2 kobolds (D:8)
3 creatures vanquished.

Vanquished Creatures (others)
  4 fungi (D:9)
  5 plants (D:9)
  2 withered plants (D:4)
11 creatures vanquished.

Grand Total: 229 creatures vanquished

Notes
Turn   | Place    | Note
-------+----------+-------------------------------------------
     0 | D:1      | HessuHobo the Minotaur Berserker began the quest for the
                  | Orb.
     0 | D:1      | Reached XP level 1. HP: 19/19 MP: 0/0
   232 | D:1      | Reached XP level 2. HP: 27/27 MP: 1/1
   957 | D:2      | Reached XP level 3. HP: 31/33 MP: 2/2
  1237 | D:2      | Reached ** piety under Trog
  1299 | D:2      | Reached XP level 4. HP: 41/41 MP: 3/3
  1418 | D:2      | Found a runed translucent door.
  1419 | D:2      | Noticed Crazy Yiuf
  1504 | D:2      | Noticed Sigmund
  2054 | D:3      | Reached skill level 5 in Axes
  2054 | D:3      | Reached XP level 5. HP: 46/47 MP: 4/4
  2072 | D:3      | Reached skill level 5 in Fighting
  2138 | D:3      | Found Teesom's Distillery.
  2217 | D:3      | Reached *** piety under Trog
  2866 | D:2      | Found a faded altar of an unknown god.
  2917 | D:2      | Killed Sigmund
  2918 | D:2      | Reached skill level 5 in Armour
  2918 | D:2      | Reached XP level 6. HP: 57/57 MP: 5/5
  3215 | D:2      | Killed Crazy Yiuf
  3898 | D:4      | Noticed Dowan
  3898 | D:4      | Noticed Duvessa
  3920 | D:4      | Killed Dowan
  3923 | D:4      | Killed Duvessa
  3924 | D:4      | Reached XP level 7. HP: 50/63 MP: 6/6
  4271 | D:4      | Found a runed translucent gate.
  4271 | D:4      | Found a runed translucent gate.
  4272 | D:4      | Found a runed translucent gate.
  4274 | D:4      | Noticed MagicSucks's ghost (amateur NaDe)
  4274 | D:4      | Noticed Serus's ghost (amateur HOFi)
  4275 | D:4      | Noticed supermoro's ghost (amateur GrFi)
  4275 | D:4      | Noticed blade888's ghost (amateur OpIE)
  4412 | D:5      | Entered Level 5 of the Dungeon
  4497 | D:4      | HP: 3/64 [ogre/+0 giant club (13)]
  5877 | D:5      | Found a staircase to the Ecumenical Temple.
  5886 | D:5      | Found a runed translucent door.
  5886 | D:5      | Noticed Zero's ghost (amateur DESu)
  5887 | D:5      | Noticed a troll
  6062 | D:6      | Reached XP level 8. HP: 73/73 MP: 7/7
  7385 | D:7      | Reached **** piety under Trog
  8248 | D:7      | Found Sibyn's Antique Armour Shop.
  8262 | D:7      | Noticed a slime creature
  8265 | D:7      | Noticed a slime creature
  8265 | D:7      | Noticed a slime creature
  8265 | D:7      | Noticed a slime creature
  8266 | D:7      | Noticed a slime creature
  8320 | D:8      | Reached XP level 9. HP: 82/82 MP: 8/8
  8937 | D:8      | Found Ocuwaoz's Jewellery Shop.
  9736 | D:7      | Noticed Pikel
  9759 | D:8      | Killed Pikel
  9760 | D:8      | Reached skill level 10 in Fighting
  9760 | D:8      | Reached skill level 10 in Axes
  9760 | D:8      | Reached skill level 1 in Stealth
  9760 | D:8      | Reached skill level 1 in Evocations
  9881 | D:7      | Killed a very large slime creature
  9882 | D:7      | Reached XP level 10. HP: 41/93 MP: 2/9
 10294 | D:9      | Reached skill level 10 in Armour
 10516 | D:9      | Noticed a two-headed ogre
 10551 | D:9      | Noticed a brown ugly thing
 10565 | D:9      | Killed a brown ugly thing
 11357 | D:9      | Reached ***** piety under Trog
 11788 | D:9      | Paralysed by a hornet for 2 turns
 11791 | D:9      | Killed from afar by an acid dragon

Illustrated notes

Levels and vault maps discovered:
D:1:      lemuel_arrival_lava_pool, layout_basic
D:2:      minmay_spotlight, layout_basic,
          hellmonk_ecumenical_altar_heavens_door, minmay_tree_intersection,
          grunt_ministairs_11, chequers_serial_rivers_micro_b, st_stairs_3,
          hangedman_abyss_or_decor_lesser_grid, serial_bayou_pond_e,
          uniq_sigmund, uniq_crazy_yiuf_cottage
D:3:      layout_loops_ring, serial_shops, nicolae_shop_stone
D:4:      layout_basic, gammafunk_ghost_cemetery, uniq_duvessa
D:5:      layout_basic, temple_fountains, ebering_ghost_inner_flame
D:6:      layout_basic
D:7:      layout_basic, serial_shops, nicolae_shop_hallway_plus, uniq_pikel
D:8:      layout_rooms, minivault_10, minmay_shop_enchanted_jewellery
D:9:      kennysheep_seaside_town, layout_irregular_city

Skill      XL: |  1  2  3  4  5  6  7  8  9 10 |
---------------+-------------------------------+-----
Axes           | 4 5 6 7 9 10 11 | 11.1
Fighting       | 4 5 6 7 8 10 11 | 11.0
Armour         | 3 4 5 6 8 9 10 | 10.7
Stealth        | 2 3 |  3.0
Evocations     | 2 |  2.3
Dodging        | |  2.1

Action                   |  1- 3 |  4- 6 |  7- 9 | 10-12 || total
-------------------------+-------+-------+-------+-------++-------
Melee: Hand axe          |    66 |   139 |   154 |       ||   359
       Headbutt          |     8 |    25 |    52 |    15 ||   100
       Punch             |       |     1 |       |       ||     1
       Battleaxe         |       |       |    95 |    86 ||   181
Invok: Berserk           |     1 |     2 |     2 |     2 ||     7
       Trog's Hand       |       |     1 |     3 |     1 ||     5
       Brothers in Arms  |       |       |     1 |       ||     1
  Use: Scroll            |       |       |     6 |       ||     6
Armor: Animal skin       |     4 |       |       |       ||     4
       Ring mail         |     6 |    51 |    83 |       ||   140
       Plate armour      |       |       |    12 |    61 ||    73
Dodge: Dodged            |    37 |    75 |   115 |    38 ||   265

Table legend: (Time is in decaauts)
 A = Elapsed time spent in this place.
 B = Non-inter-level travel time spent in this place.
 C = Inter-level travel time spent in this place.
 D = Time resting spent in this place.
 E = Time spent auto-exploring this place.
 F = Levels seen in this place.
 G = Mean time per level.
                   A        B        C        D        E       F      G
               +--------+--------+--------+--------+--------+-----+--------+
         Total |  11896 |  11528 |    368 |   4822 |   5029 |   9 | 1321.8 |
       Dungeon |  11896 |  11528 |    368 |   4822 |   5029 |   9 | 1321.8 |
               +--------+--------+--------+--------+--------+-----+--------+

Top non-repeatable levels by time:
     D:8: 1684 daAuts
     D:6: 1678 daAuts
     D:2: 1460 daAuts
     D:4: 1419 daAuts
     D:9: 1376 daAuts
     D:7: 1134 daAuts
     D:1: 1095 daAuts
     D:3: 1055 daAuts
     D:5: 993 daAuts
